 Dungeon Crawl Stone Soup version 0.13.1-27-ga479965 (webtiles) character file.

253 Chiseanne the Ruinous (level 4, -2/30 HPs)
             Began as a Mummy Conjurer on Feb 11, 2014.
             Slain by a worker ant (4 damage)
             ... on Level 4 of the Dungeon.
             The game lasted 00:10:35 (11512 turns).

Chiseanne the Ruinous (Mummy Conjurer)             Turns: 11512, Time: 00:10:35

HP  -2/30        AC  3     Str 11      XL: 4   Next: 76%
MP   0/8         EV 12     Int 15      God:
Gold 132         SH  0     Dex 12      Spells:  2 memorised,  2 levels left

Res.Fire  : x . .   See Invis. : .   p - +0 spear
Res.Cold  : + . .   Warding    : .   l - +0 robe
Life Prot.: + + +   Conserve   : .   (no shield)
Res.Poison: +       Res.Corr.  : .   (no helmet)
Res.Elec. : .       Clarity    : .   (no cloak)
Sust.Abil.: . .     Spirit.Shd : .   v - +0 pair of elf gloves
Res.Mut.  : .       Stasis     : .   (no boots)
Res.Rott. : +       Flight     : .   (no amulet)
Saprovore : . . .                    (no ring)
                                     (no ring)

@: slightly resistant to hostile enchantments, unstealthy
A: no food or potions, fire vulnerability, restore body, cold resistance 1, life
protection 3, poison resistance, torment resistance, unbreathing
a: no special abilities


You were on level 4 of the Dungeon.
You were not hungry.

You visited 1 branch of the dungeon, and saw 4 of its levels.

You collected 112 gold pieces.

Inventory:

Hand weapons
 o - a +0,+0 club
 p - a +0,+0 spear (weapon)
 w - a +0,+0 trident
Missiles
 d - 27 stones (quivered)
 m - 14 darts
 s - 68 arrows
 x - 13 poisoned needles
Armour
 l - a +0 robe (worn)
 v - a +0 pair of elven gloves (worn)
Comestibles
 b - 2 bread rations
 k - 2 meat rations
 n - a lychee
 r - a lemon
 z - a slice of pizza
Scrolls
 e - 3 scrolls of teleportation {unknown}
 f - a scroll of enchant armour {unknown}
 i - 5 scrolls of identify {unknown}
 j - 3 scrolls of remove curse {unknown}
 t - a scroll of fog {unknown}
Potions
 a - a potion of brilliance {unknown}
 g - 2 potions of curing {unknown}
 h - a potion of heal wounds {unknown}
 q - a potion of might {unknown}
 u - 2 potions of poison {unknown}
Books
 c - a book of Conjurations

   Spells                             Type                      Level
   *Magic Dart                        Conjuration                  1
   Searing Ray                        Conjuration                  2
   Dazzling Spray                     Conjuration/Hexes            3
   *Iskenderun's Mystic Blast         Conjuration                  4
   Iskenderun's Battlesphere          Conjuration/Charms           4
   Fulminant Prism                    Conjuration/Hexes            5


   Skills:
 - Level 1.5 Dodging
 - Level 1.5 Stealth
 * Level 2.4 Spellcasting
 * Level 4.6 Conjurations


You had 2 spell levels left.
You knew the following spells:

 Your Spells              Type           Power        Failure   Level  Hunger
a - Magic Dart            Conj           ###.         3%          1    N/A
b - Iskenderun's Mystic   Conj           ###.....     34%         4    N/A

Dungeon Overview and Level Annotations

Branches:
Dungeon (4/27)
 Temple: D:4-7

Altars:

Annotations:
D:3 Grinder


Innate Abilities, Weirdness & Mutations

You do not eat or drink.
Your flesh is vulnerable to fire.
Your flesh is cold resistant.
You are immune to negative energy.
Your system is resistant to poisons.
You are immune to unholy pain and torment.
You can survive without breathing.


Message History

Confirm with . or Enter, or press ? or * to list all spells.
Aiming: Magic Dart
Press: ? - help, Shift-Dir - straight line, f/p - worker ant
Aim: a worker ant (almost dead)
The magic dart hits the worker ant.
The worker ant is almost dead.
The worker ant bites you.
You hit the worker ant but do no damage.
The worker ant is almost dead.
The worker ant bites you.
You hit the worker ant but do no damage.
The worker ant is almost dead.
The worker ant bites you.
* * * LOW HITPOINT WARNING * * *
The worker ant bites you.
* * * LOW HITPOINT WARNING * * *
You closely miss the worker ant.
The worker ant is almost dead.
The worker ant closely misses you. The worker ant bites you.
You die...

....................
..#########.###.####
#)....# #.....#
###)....# #...###)#
#...# #.#
######...###.#####...
........@a..........$
######...#...########
.................z
#.................
#...##............
................. #
###..####.... ....
... ##. ..


You could see a worker ant.

Vanquished Creatures
  A gnoll (D:1)
  3 adders
  A giant mite (D:2)
  A giant eyeball (D:4)
  A giant gecko (D:1)
  2 orcs
  A ball python (D:2)
  9 goblins
  12 hobgoblins
  2 quokkas
  9 bats
  3 giant cockroaches
  2 giant newts
  5 jackals
  9 kobolds
  10 rats
71 creatures vanquished.

Notes
Turn   | Place    | Note
--------------------------------------------------------------
     0 | D:1      | Chiseanne, the Mummy Conjurer, began the quest for the Orb.
     0 | D:1      | Reached XP level 1. HP: 13/13 MP: 3/3
   697 | D:1      | Reached XP level 2. HP: 7/19 MP: 0/4
  1641 | D:1      | Reached skill level 4 in Conjurations
  2596 | D:1      | Reached XP level 3. HP: 24/24 MP: 1/5
  4594 | D:1      | Noticed a mottled dragon
  5001 | D:2      | Reached XP level 4. HP: 30/30 MP: 2/7
  5051 | D:2      | Learned a level 4 spell: Iskenderun's Mystic Blast
 10893 | D:2      | Noticed a stone giant skeleton
 11041 | D:3      | Noticed Grinder
 11512 | D:4      | Slain by a worker ant

Action                   |  1- 3 |  4- 6 || total
-------------------------+-------+-------++-------
Melee: Dagger            |     8 |       ||     8
       Spear             |    22 |     4 ||    26
       Hand axe          |     3 |       ||     3
 Cast: Magic Dart        |    92 |    86 ||   178
